 Dungeon Crawl Stone Soup version 0.24.0-29-g8ce449bc06 (webtiles) character file.

Game seed: 9979740177865932111, levelgen mode: deterministic

261486 Flugslaktarn the Severer (level 19, -10/186 HPs)
             Began as a Deep Dwarf Fighter on Nov 17, 2019.
             Was the Champion of Makhleb.
             Hit by a large rock thrown by a stone giant (17 damage)
             ... on level 5 of the Vaults.
             The game lasted 00:32:18 (26891 turns).

Flugslaktarn the Severer (Deep Dwarf Fighter)      Turns: 26891, Time: 00:32:18

Health: -10/186    AC: 34    Str: 41    XL:     19   Next: 20%
Magic:  4/4        EV: 15    Int:  8    God:    Makhleb [******]
Gold:   1845       SH: 19    Dex: 12    Spells: 18/18 levels left

rFire    . . .     SeeInvis .   B - +4 broad axe (distort)
rCold    . . .     Gourm    .   Z - +3 shield of the Snail {rN+ MR+}
rNeg     + + +     Faith    .   F - +7 chain mail of Daffodils {rElec rF- rN++ Str+2}
rPois    .         Spirit   .   n - +2 helmet
rElec    +         Reflect  .   Y - +2 cloak
rCorr    .         Harm     .   k - +0 pair of gloves
MR       +++..                  A - +2 pair of boots
Stlth    ..........             M - amulet of rage
HPRegen  0.00/turn              f - ring of protection from fire
MPRegen  0.09/turn              b - +5 ring of strength

@: mighty, non-regenerating, hasted, very quick
A: damage resistance, heal wounds, mutation resistance 1, negative energy
resistance 1, sense surroundings 3, no regeneration
}: 2/15 runes: barnacled, gossamer
a: Heal Wounds, Minor Destruction, Lesser Servant of Makhleb, Major Destruction,
Greater Servant of Makhleb, Renounce Religion, Evoke Berserk Rage


You were on level 5 of the Vaults.
You worshipped Makhleb.
Makhleb was exalted by your worship.
You were hungry.

You visited 7 branches of the dungeon, and saw 35 of its levels.
You visited the Abyss 1 time.
You also visited: Sewer.

You collected 3517 gold pieces.
You spent 1672 gold pieces at shops.

Inventory:

Hand Weapons
 B - a +4 broad axe of distortion (weapon)
   (You took it off Donald on level 2 of the Spider Nest)
Missiles
 J - 4 throwing nets (quivered)
Armour
 k - a +0 pair of gloves (worn)
   (You found it on level 1 of the Spider Nest)
 n - a +2 helmet (worn)
   (You found it on level 11 of the Dungeon)
 o - +0 fire dragon scales
   (You found it on level 6 of the Lair of Beasts)
 A - a +2 pair of boots (worn)
   (You found it on level 3 of the Lair of Beasts)
 F - the +7 chain mail of Daffodils (worn) {rElec rF- rN++ Str+2}
   (You bought it in a shop on level 2 of the Orcish Mines)

   It affects your strength (+2).
   It makes you vulnerable to fire.
   It insulates you from electricity.
   It greatly protects you from negative energy.
 N - the +6 chain mail "Ozxuplukk" {rC- Regen+ Dex+2}
   (You bought it in a shop on level 2 of the Orcish Mines)

   It affects your dexterity (+2).
   It makes you vulnerable to cold.
   It increases your rate of regeneration.
 Y - a +2 cloak (worn)
   (You found it on level 3 of the Abyss)
 Z - the +3 shield of the Snail (worn) {rN+ MR+}
   (You bought it in a shop on level 3 of the Vaults)

   It protects you from negative energy.
   It affects your resistance to hostile enchantments.
Jewellery
 a - an uncursed ring of protection from magic
   (You found it on level 4 of the Shoals)
 b - a +5 ring of strength (right hand)
   (You found it on level 3 of the Lair of Beasts)
 c - an uncursed ring of protection from cold
   (You found it on level 2 of the Spider Nest)
 f - a ring of protection from fire (left hand)
   (You found it on level 10 of the Dungeon)
 i - an uncursed ring of see invisible
   (You found it on level 3 of the Shoals)
 m - an uncursed ring of protection from magic
   (You found it on level 6 of the Dungeon)
 v - a +3 ring of evasion
   (You found it on level 3 of the Abyss)
 G - an uncursed ring of protection from fire
   (You found it on level 1 of the Spider Nest)
 M - an amulet of rage (around neck)
   (You found it on level 9 of the Dungeon)
 Q - a +6 amulet of reflection {unknown}
   (You found it on level 2 of the Vaults)
Wands
 y - a wand of scattershot (3)
   (You found it on level 5 of the Dungeon)
 I - a wand of digging (6)
   (You found it on level 4 of the Lair of Beasts)
 K - a wand of paralysis (16)
   (You found it on level 8 of the Dungeon)
Scrolls
 g - 6 scrolls of fog
 j - 6 scrolls of magic mapping
 r - 5 scrolls of identify
 u - 17 scrolls of teleportation
 x - a scroll of summoning
 z - 5 scrolls of blinking
 C - 2 scrolls of enchant armour
 E - a scroll of silence
 S - 10 scrolls of remove curse
 U - 2 scrolls of fear
 W - a scroll of vulnerability
 X - 3 scrolls of immolation
Potions
 h - 4 potions of haste
 l - a potion of resistance
 p - 2 potions of mutation
 q - 3 potions of curing
 s - 3 potions of agility
 w - 3 potions of heal wounds
 D - 3 potions of cancellation
 L - 5 potions of ambrosia
 O - 2 potions of magic
 P - 3 potions of invisibility
 R - 9 potions of lignification
Miscellaneous
 T - a lamp of fire
   (You found it on level 4 of the Lair of Beasts)
 V - a phial of floods
   (You found it on level 6 of the Lair of Beasts)
Comestibles
 e - 46 rations
 t - 25 chunks of flesh


   Skills:
 + Level 15.0 Fighting
 - Level 18.0 Axes
 + Level 17.5 Armour
 + Level 9.9 Dodging
 - Level 15.0 Shields
 - Level 16.0 Invocations
 - Level 6.0 Evocations


You had 18 spell levels left.
You didn't know any spells.
Your spell library was empty.

Dungeon Overview and Level Annotations

Branches:
Dungeon (13/15)            Temple (1/1) D:7            Lair (6/6) D:11
 Shoals (4/4) Lair:2       Spider (4/4) Lair:2        Slime (0/5) Lair:5
    Orc (2/2) D:9             Elf (0/3) Orc:2        Vaults (5/5) D:13
  Sewer (visited)
  Crypt: Vaults:2-3

Altars:
Ashenzari
Cheibriados
Dithmenos
Elyvilon
Fedhas
Gozag
Hepliaklqana
Kikubaaqudgha
Makhleb
Nemelex Xobeh
Okawaru
Qazlal
Ru
Sif Muna
Trog
Uskayaw
Vehumet
Wu Jian
Xom
Yredelemnul
Zin
The Shining One
Beogh
Jiyva

Shops:
D:11 ?   Orc:2 [:}[   Vaults:1 ?   Vaults:2 (   Vaults:3 **[

Portals:
Trove: D:13 (give +4 shadow dragon scales)

Annotations:
Lair:1 exclusion: oklob plant
Vaults:3 3 runed translucent doors, exclusion: obsidian statue, tamionv's ghost, adept GrFi
Vaults:5 Xtahua


Innate Abilities, Weirdness & Mutations

You are resistant to damage.
You can heal yourself by infusing magical energy.
You resist negative energy. (rN+)
You passively map a large area around you.
You do not regenerate.
You are somewhat resistant to further mutation.


Message History

The deep elf mage blinks!
The +5 glaive of protection hits you!!
* * * LOW HITPOINT WARNING * * *
The deep elf demonologist casts a spell.
The vault warden hits you but does no damage.
You escape the tentacled monstrosity's grasp.
You blink.
A storm dragon comes into view.
The storm dragon roars deafeningly! 2 orcs, 2 elves, an ettin and a stone giant come into view.
Unknown command.
You open the deep elf demonologist like a pillowcase!!!
Space warps horribly around the deep elf demonologist!
The deep elf demonologist is almost dead.
You hit the ice devil.
The ice devil disappears!
You slice the deep elf mage!!
Space warps horribly around the deep elf mage!
You hit the tormentor but do no damage.
Space warps horribly around the tormentor!!
You hear a shout!
You hear a howl!
The stone giant throws a large rock.
The large rock hits you!!
You die... * * * , ..o , , ,, , , , , , #De

, , * , , *,
,#W.p, ,, , ,,
, * * ,,
#o.C#### , , ,
, , #..eC..###
* ..sD....## ,,
, , , ** *
####X§2...# ,
,, * * ,,
#}[##e@...## ,
* , ,
#/)$#§e....# ,
,** ,*, ,
#)e(#o.....# ,
, ,,, *
#!)(§X..e.##,,
, , ,,
#(|(§p....#,, ,
* , ** ,
,#..§p(...##, ,
#....#......###
, ,* ,
#....#...####.
, ,, , * ,
,#....#.###....
, ,


You could see 2 tentacled monstrosities, 2 storm dragons, a stone giant, 2 vault
wardens, an orc knight, a deep elf death mage, an ettin, a deep elf
demonologist, a phantasmal warrior, an ironbrand convoker, 3 deep elf magi, a
tormentor, an orc warrior, a redback, a +5 glaive of protection and an orc.

Vanquished Creatures
  A bone dragon (Abyss:3)
  2 titans (Vaults:5)
  Polyphemus (Shoals:4)
  A tentacled starspawn (Abyss:3)
  A kraken (Shoals:1)
  A sphinx (Vaults:5)
  A storm dragon (Vaults:5)
  3 ghost moths
  An orc warlord (Orc:1)
  3 emperor scorpions
  An iron dragon (Vaults:5)
  3 vault wardens
  A balrug (Abyss:3)
  4 entropy weavers
  A war gargoyle (Vaults:5)
  A stone giant (Vaults:2)
  2 ironheart preservers (Vaults:5)
  Azrael (Orc:2)
  4 spark wasps
  An ettin (Vaults:3)
  6 merfolk impalers (Shoals:4)
  2 deep elf death magi (Vaults:5)
  2 merfolk javelineers (Shoals:4)
  A deep elf high priest (Vaults:5)
  2 great orbs of eyes (Vaults:4)
  A yaktaur captain (Vaults:1)
  A rakshasa (Vaults:2)
  A hydra (Lair:5)
  An ice dragon (Vaults:2)
  Erolcha (Orc:2)
  4 merfolk avatars
  Harold (D:7)
  18 vault guards (Vaults:5)
  A catoblepas (Shoals:4)
  3 ogre magi
  2 alligator snapping turtles (Shoals:4)
  4 centaur warriors
  A death knight (D:13)
  A satyr (Shoals:2)
  16 two-headed ogres
  A deep troll shaman (Vaults:2)
  4 merfolk aquamancers (Shoals:4)
  9 death yaks
  A deep troll earth mage (Vaults:3)
  Nergalle (Orc:2)
  Sonja (Lair:1)
  6 deep elf knights
  A wretched star (Abyss:3)
  2 skeletal warriors (Vaults:2)
  11 sea snakes
  A shadow wraith (Vaults:3)
  A glowing orange brain (Abyss:3)
  A swamp dragon (Lair:6)
  4 deep elf archers
  2 deep trolls
  A kraken simulacrum (Shoals:4)
  2 wizards
  2 lindwurms (Lair:6)
  8 ironbrand convokers
  5 orc knights
  10 orc sorcerers
  A phantasmal warrior (Vaults:5)
  3 deep elf magi
  13 harpies
  26 wolf spiders
  7 manticores
  24 orb spiders
  2 cyclopes
  6 ugly things
  13 elephants
  3 fauns
  3 moths of wrath
  4 black mambas
  8 merfolk sirens
  A centaur zombie (D:11)
  A centaur skeleton (D:13)
  8 vault sentinels
  4 water nymphs
  2 torpor snails (Lair:6)
  A gargoyle (D:12)
  A storm dragon simulacrum (Vaults:2)
  An orange demon (Abyss:3)
  A spiny frog (shapeshifter) (Vaults:5)
  6 spiny frogs
  3 komodo dragons
  4 kobold demonologists
  3 rime drakes
  9 yaktaurs
  A rime drake (shapeshifter) (D:11)
  5 demonic crawlers
  6 freezing wraiths
  2 ancient zymes (Abyss:3)
  A queen bee (D:13)
  33 jumping spiders
  6 meliai
  14 trolls
  17 merfolk
  A polar bear (Lair:2)
  4 slime creatures (D:13)
  8 wind drakes
  7 hornets
  Prince Ribbit (D:6)
  11 blink frogs
  8 dream sheep
  5 snapping turtles
  54 redbacks
  9 hippogriffs
  5 starcursed masses (Abyss:3)
  3 wyverns
  27 tarantellas
  4 water elementals
  2 fire elementals (Orc:2)
  46 yaks
  2 wraiths (D:13)
  3 basilisks
  A large abomination (Abyss:3)
  A hungry ghost (D:9)
  Grum (D:10)
  4 steam dragons
  2 chaos spawn (Abyss:3)
  3 small abominations (Abyss:3)
  3 wargs
  A soldier ant (D:11)
  2 hell hounds (Orc:2)
  3 acid dragons (Lair:6)
  11 water moccasins
  4 porcupines (D:11)
  5 ice beasts
  29 orc warriors
  3 black bears
  2 eyes of draining
  A black bear (shapeshifter) (D:13)
  4 sky beasts
  2 swamp drakes (Lair:6)
  14 ogres
  5 boggarts (Vaults:1)
  4 phantoms
  24 wolves
  16 crocodiles
  31 centaurs
  5 big kobolds
  14 bullfrogs
  A wyvern zombie (D:13)
  3 scorpions
  2 water moccasin skeletons (D:7)
  28 killer bees
  8 wights (D:6)
  5 electric eels
  3 howler monkeys (D:7)
  8 crimson imps
  2 bullfrog zombies
  6 hounds
  4 jellies
  27 orc priests
  2 bullfrog skeletons
  2 iguanas
  8 worker ants
  Natasha (thrice) (D:2)
  43 orc wizards
  A worker ant zombie (D:9)
  3 gnolls (D:10)
  A howler monkey skeleton (D:7)
  14 adders
  5 shadow imps
  16 oozes
  An adder zombie (D:9)
  An adder skeleton (D:6)
  2 worms
  A dart slug (D:1)
  21 leopard geckos
  102 orcs
  10 ball pythons
  4 bats
  12 giant cockroaches
  11 hobgoblins
  16 jackals
  39 kobolds
  2 quokkas (D:5)
  11 frilled lizards
  8 goblins
  5 rats
  2 crawling corpses (Vaults:5)
  6 fungi
  8 plants
  A starspawn tentacle (Abyss:3)
  3 tentacles (Shoals:1)
  2 withered plants (D:12)
1278 creatures vanquished.

Vanquished Creatures (collateral kills)
  Donald (Spider:2)
  A death yak (Lair:6)
  A torpor snail (Lair:6)
  A spiny frog (Lair:6)
  A rime drake (Lair:6)
5 creatures vanquished.

Vanquished Creatures (others)
  A storm dragon (Vaults:5)
  An emperor scorpion (Spider:3)
  An ironheart preserver (Vaults:2)
  A very ugly thing (Vaults:2)
  A war gargoyle (Vaults:5)
  4 stone giants (Vaults:5)
  3 fire dragons
  A yaktaur captain (Vaults:2)
  2 vault guards (Vaults:5)
  2 centaur warriors (Vaults:2)
  A deep elf knight (Vaults:5)
  A shadow wraith (Vaults:2)
  A glowing orange brain (Vaults:3)
  3 skeletal warriors (Vaults:2)
  2 orc knights
  A wolf spider (Spider:4)
  2 orb spiders
  2 deep elf magi
  A manticore (shapeshifter) (Vaults:2)
  A cyclops (Shoals:3)
  2 ugly things (Vaults:4)
  A manticore (D:13)
  A black mamba (Lair:6)
  A kobold demonologist (D:13)
  A jumping spider (shapeshifter) (Vaults:1)
  4 jumping spiders (Spider:1)
  5 dream sheep (Lair:4)
  A slime creature (D:13)
  2 redbacks (Spider:2)
  4 centaurs
  An orc wizard (Vaults:4)
  4 fungi
  15 plants
  7 starspawn tentacles (Abyss:3)
  9 tentacles
90 creatures vanquished.

Grand Total: 1373 creatures vanquished

Notes
Turn   | Place    | Note
-------+----------+-------------------------------------------
     0 | D:1      | Flugslaktarn the Deep Dwarf Fighter began the quest for the
                  | Orb.
     0 | D:1      | Reached XP level 1. HP: 20/20 MP: 1/1
    88 | D:1      | Reached XP level 2. HP: 27/27 MP: 2/2
   385 | D:1      | Reached skill level 3 in Axes
   447 | D:1      | Reached XP level 3. HP: 22/33 MP: 3/3
   712 | D:2      | Noticed Natasha
   720 | D:2      | Killed Natasha
   802 | D:2      | Reached XP level 4. HP: 39/42 MP: 4/4
   909 | D:2      | Noticed Natasha
   915 | D:2      | Killed Natasha
  1029 | D:2      | Noticed Natasha
  1038 | D:2      | Killed Natasha
  1038 | D:2      | Reached skill level 4 in Axes
  1038 | D:2      | Reached XP level 5. HP: 48/49 MP: 5/5
  1112 | D:3      | Found a sacrificial altar of Ru.
  1282 | D:3      | Found a glowing drain.
  1300 | Sewer    | Entered a sewer
  1420 | Sewer    | Reached XP level 6. HP: 38/56 MP: 6/6
  1564 | Sewer    | Reached skill level 5 in Axes
  2402 | D:4      | Found a blossoming altar of Fedhas.
  2569 | D:5      | Entered Level 5 of the Dungeon
  2585 | D:5      | Reached XP level 7. HP: 42/64 MP: 6/6
  2607 | D:5      | Reached skill level 5 in Armour
  2607 | D:5      | Reached skill level 5 in Shields
  2671 | D:5      | Reached skill level 6 in Axes
  3145 | D:5      | Reached XP level 8. HP: 45/73 MP: 7/7
  3158 | D:5      | Reached skill level 7 in Axes
  3395 | D:6      | Reached skill level 5 in Fighting
  3447 | D:6      | Noticed Prince Ribbit
  3460 | D:6      | Killed Prince Ribbit
  3488 | D:6      | Reached skill level 8 in Axes
  3631 | D:6      | Reached skill level 1 in Evocations
  3702 | D:6      | Gained mutation: You passively map the area around you.
                  | [Deep Dwarf growth]
  3702 | D:6      | Reached XP level 9. HP: 35/81 MP: 5/7
  4235 | D:7      | Reached skill level 9 in Axes
  4413 | D:7      | Found a staircase to the Ecumenical Temple.
  4465 | Temple   | Entered the Ecumenical Temple
  4615 | Temple   | Became a worshipper of Makhleb the Destroyer
  4683 | D:7      | Noticed Harold
  4713 | D:7      | Reached skill level 1 in Invocations
  4733 | D:7      | Killed Harold
  4733 | D:7      | Reached XP level 10. HP: 65/91 MP: 2/4
  4762 | D:7      | Reached skill level 10 in Axes
  5060 | D:7      | Found a basalt altar of Yredelemnul.
  5060 | D:7      | Found a shimmering altar of Xom.
  5060 | D:7      | Found a white marble altar of Elyvilon.
  5401 | D:7      | Found a radiant altar of Vehumet.
  5742 | D:8      | Noticed a two-headed ogre
  5771 | D:8      | Killed a two-headed ogre
  5771 | D:8      | Reached skill level 5 in Evocations
  6028 | D:8      | Reached * piety under Makhleb
  6602 | D:9      | Found a staircase to the Orcish Mines.
  6681 | D:9      | Reached ** piety under Makhleb
  6745 | D:9      | Reached skill level 11 in Axes
  6854 | D:10     | Entered Level 10 of the Dungeon
  6910 | D:10     | Noticed a two-headed ogre
  6922 | D:10     | Killed a two-headed ogre
  6922 | D:10     | Reached skill level 5 in Invocations
  6922 | D:10     | Reached XP level 11. HP: 77/100 MP: 4/4
  6931 | D:10     | Noticed a two-headed ogre
  6985 | D:10     | Killed a two-headed ogre
  7584 | D:10     | Noticed Grum
  7605 | D:10     | Killed Grum
  7671 | D:11     | Found Aloucama's Magic Scroll Boutique.
  7674 | D:11     | Noticed a two-headed ogre
  7705 | D:10     | Killed a two-headed ogre
  7727 | D:11     | Reached *** piety under Makhleb
  7739 | D:10     | Reached skill level 12 in Axes
  7774 | D:11     | Bought a scroll of identify for 32 gold pieces
  7774 | D:11     | Bought a scroll of teleportation for 48 gold pieces
  7774 | D:11     | Bought a scroll of magic mapping for 56 gold pieces
  7774 | D:11     | Bought a scroll of enchant weapon for 120 gold pieces
  7858 | D:11     | Bought a scroll of remove curse for 48 gold pieces
  7916 | D:11     | Found a staircase to the Lair.
  8042 | D:11     | Noticed a white ugly thing
  8060 | D:11     | Killed a white ugly thing
  8189 | D:11     | Reached **** piety under Makhleb
  8200 | D:11     | Reached XP level 12. HP: 65/110 MP: 6/6
  8732 | Lair:1   | Entered Level 1 of the Lair of Beasts
  8888 | Lair:1   | Reached skill level 13 in Axes
  8977 | Lair:1   | Noticed Sonja
  8986 | Lair:1   | Killed Sonja
  8986 | Lair:1   | Reached skill level 10 in Armour
  9029 | Lair:1   | Reached skill level 10 in Shields
  9359 | Lair:2   | Found a staircase to the Shoals.
  9637 | Lair:2   | Found a hole to the Spider Nest.
  9766 | Lair:2   | Gained mutation: You are partially covered in rugged brown
                  | scales. (AC +1, +3% HP) [potion of mutation]
  9766 | Lair:2   | Gained mutation: You are agile. (Dex +2) [potion of
                  | mutation]
  9766 | Lair:2   | Gained mutation: Your muscles are strong. (Str +2) [potion
                  | of mutation]
 11180 | Lair:4   | Noticed a death yak
 11180 | Lair:4   | Noticed a death yak
 11181 | Lair:4   | Noticed a death yak
 11181 | Lair:4   | Noticed a death yak
 11181 | Lair:4   | Noticed a death yak
 11224 | Lair:4   | Killed a death yak
 11247 | Lair:4   | Killed a death yak
 11258 | Lair:4   | Killed a death yak
 11285 | Lair:4   | Killed a death yak
 11315 | Lair:4   | Killed a death yak
 11315 | Lair:4   | Reached skill level 14 in Axes
 11315 | Lair:4   | Reached XP level 13. HP: 71/124 MP: 7/9
 11578 | Lair:4   | Found a shimmering altar of Xom.
 11693 | Lair:4   | Reached ***** piety under Makhleb
 12279 | Lair:5   | Reached skill level 10 in Invocations
 12464 | Lair:5   | Found a viscous altar of Jiyva.
 12464 | Lair:5   | Found a staircase to the Slime Pits.
 12557 | Lair:5   | Got a pair of transparent gloves
 12563 | Lair:5   | Identified the cursed +0 pair of gloves of Esop {*Slow rC++
                  | Regen+} (You found it on level 5 of the Lair of Beasts)
 12881 | Lair:6   | Entered Level 6 of the Lair of Beasts
 13190 | Lair:6   | Reached skill level 15 in Axes
 13825 | Lair:6   | Gained mutation: You resist negative energy. (rN+) [Deep
                  | Dwarf growth]
 13825 | Lair:6   | Reached XP level 14. HP: 92/133 MP: 10/10
 14159 | Lair:6   | Reached skill level 10 in Fighting
 14448 | Spider:1 | Entered Level 1 of the Spider Nest
 14474 | Spider:1 | Reached ****** piety under Makhleb
 14686 | Orc:1    | Entered Level 1 of the Orcish Mines
 14715 | Orc:1    | Noticed an orc warlord
 14792 | Orc:1    | Killed an orc warlord
 14935 | Orc:2    | Entered Level 2 of the Orcish Mines
 15188 | Orc:2    | Found Wefulyl's Antique Armour Emporium.
 15221 | Orc:2    | Found a staircase to the Elven Halls.
 15347 | Orc:2    | Found Mamp's Magic Scroll Shop.
 15398 | Orc:2    | Found a radiant altar of Vehumet.
 15398 | Orc:2    | Noticed Erolcha
 15409 | Orc:2    | Killed Erolcha
 15409 | Orc:2    | Reached skill level 16 in Axes
 15438 | Orc:2    | Noticed Nergalle
 15439 | Orc:2    | Found an ancient bone altar of Kikubaaqudgha.
 15455 | Orc:2    | Killed Nergalle
 15492 | Orc:2    | Found a roughly hewn altar of Beogh.
 15492 | Orc:2    | Found Ydud's Gadget Boutique.
 15493 | Orc:2    | Found Yhufaa Ucudd's Book Shop.
 15512 | Orc:2    | Found Iruustrab's Antique Armour Shop.
 15640 | Orc:2    | Noticed Azrael
 15672 | Orc:2    | Killed Azrael
 16279 | Orc:1    | You fall into a shaft and drop 1 floor!
 16757 | Orc:2    | Bought a jewelled chain mail for 275 gold pieces
 16767 | Orc:2    | Identified the +6 chain mail "Ozxuplukk" {rC- Regen+ Dex+2}
                  | (You bought it in a shop on level 2 of the Orcish Mines)
 16767 | Orc:2    | Bought a heavily runed chain mail for 275 gold pieces
 16777 | Orc:2    | Identified the +7 chain mail of Daffodils {rElec rF- rN++
                  | Str+2} (You bought it in a shop on level 2 of the Orcish
                  | Mines)
 17139 | Spider:1 | Lost mutation: You are agile. (Dex +2) [potion of mutation]
 17139 | Spider:1 | Lost mutation: You are partially covered in rugged brown
                  | scales. (AC +1, +3% HP) [potion of mutation]
 17139 | Spider:1 | Gained mutation: Your magical capacity is low. (-10% MP)
                  | [potion of mutation]
 17139 | Spider:1 | Gained mutation: You can translocate small distances at
                  | will. [potion of mutation]
 17139 | Spider:1 | Gained mutation: Your mind is acute. (Int +2) [potion of
                  | mutation]
 17140 | Spider:1 | Lost mutation: Your magical capacity is low. (-10% MP)
                  | [potion of mutation]
 17140 | Spider:1 | Lost mutation: Your muscles are strong. (Str +2) [potion of
                  | mutation]
 17140 | Spider:1 | Lost mutation: Your mind is acute. (Int +2) [potion of
                  | mutation]
 17140 | Spider:1 | Gained mutation: Your magical capacity is low. (-10% MP)
                  | [potion of mutation]
 17140 | Spider:1 | Gained mutation: You are partially covered in thin metallic
                  | scales. (AC +2) [potion of mutation]
 17141 | Spider:1 | Lost mutation: You are partially covered in thin metallic
                  | scales. (AC +2) [potion of mutation]
 17141 | Spider:1 | Lost mutation: Your magical capacity is low. (-10% MP)
                  | [potion of mutation]
 17141 | Spider:1 | Gained mutation: You are clumsy. (Dex -2) [potion of
                  | mutation]
 17141 | Spider:1 | Lost mutation: You are clumsy. (Dex -2) [potion of
                  | mutation]
 17142 | Spider:1 | Lost mutation: You can translocate small distances at will.
                  | [potion of mutation]
 17142 | Spider:1 | Gained mutation: You are somewhat resistant to further
                  | mutation. [potion of mutation]
 17384 | Spider:1 | Reached XP level 15. HP: 82/140 MP: 5/5
 17945 | Spider:2 | Noticed Donald
 17986 | Spider:2 | Cast into level 2 of the Abyss (Donald)
 18075 | Abyss:3  | Noticed a tentacled starspawn
 18287 | Abyss:3  | Noticed a tentacled starspawn
 18293 | Abyss:3  | Killed a tentacled starspawn
 18293 | Abyss:3  | Reached skill level 17 in Axes
 18313 | Abyss:3  | Noticed a bone dragon
 18347 | Abyss:3  | Killed a bone dragon
 18349 | Spider:2 | Escaped the Abyss
 18829 | Spider:2 | Identified a scroll of acquirement
 19442 | Spider:2 | Killed Donald
 19586 | Spider:4 | Entered Level 4 of the Spider Nest
 19924 | Spider:3 | Killed a ghost moth
 19924 | Spider:3 | Reached XP level 16. HP: 121/151 MP: 0/3
 20075 | Spider:3 | Reached skill level 18 in Axes
 20737 | Spider:4 | Got a gossamer rune of Zot
 20980 | Shoals:1 | Entered Level 1 of the Shoals
 20990 | Shoals:1 | Noticed a kraken
 21007 | Shoals:1 | Killed a kraken
 21655 | Shoals:4 | Entered Level 4 of the Shoals
 21796 | Shoals:4 | Reached skill level 15 in Invocations
 21810 | Shoals:4 | Reached XP level 17. HP: 48/162 MP: 1/1
 22564 | Shoals:4 | Noticed Polyphemus
 22599 | Shoals:4 | Killed Polyphemus
 22701 | Shoals:4 | Reached skill level 15 in Armour
 22708 | Shoals:4 | Got a barnacled rune of Zot
 23042 | D:12     | Found a basalt altar of Yredelemnul.
 23870 | D:13     | Reached skill level 15 in Shields
 23884 | D:13     | Got a polished executioner's axe
 23890 | D:13     | Identified the +6 executioner's axe "Wiakkaun" {antimagic,
                  | *Slow MR++} (You acquired it on level 13 of the Dungeon)
 24289 | D:13     | Found a portal to a secret trove of treasure.
 24387 | D:13     | Reached skill level 1 in Dodging
 24693 | D:13     | Found a gate to the Vaults.
 24705 | Vaults:1 | Entered Level 1 of the Vaults
 24712 | Vaults:1 | Found Hebupaj's Magic Scroll Shop.
 24749 | Vaults:1 | Bought 3 scrolls of fog for 102 gold pieces
 24749 | Vaults:1 | Bought a scroll of blinking for 127 gold pieces
 24749 | Vaults:1 | Bought a scroll of immolation for 59 gold pieces
 24749 | Vaults:1 | Bought a scroll of immolation for 59 gold pieces
 25069 | Vaults:2 | Found Eghun's Weapon Boutique.
 25242 | Vaults:2 | Gained mutation: You passively map a large area around you.
                  | [Deep Dwarf growth]
 25242 | Vaults:2 | Reached XP level 18. HP: 144/172 MP: 3/3
 25255 | Vaults:2 | Reached skill level 5 in Dodging
 25692 | Vaults:3 | Found Hoabeiduu's Armour Boutique.
 25717 | Vaults:3 | Bought the +3 shield of the Snail {rN+ MR+} for 471 gold
                  | pieces
 25763 | Vaults:3 | Found a runed translucent gate.
 25763 | Vaults:3 | Found a runed translucent gate.
 25763 | Vaults:3 | Found a runed translucent gate.
 25764 | Vaults:3 | Found an opulent altar of Gozag.
 25766 | Vaults:3 | Noticed tamionv's ghost (adept GrFi)
 25768 | Vaults:3 | Found Far Ogeo's Assorted Antiques.
 25768 | Vaults:3 | Found Imnaf's Assorted Antiques.
 26616 | Vaults:5 | Entered Level 5 of the Vaults
 26755 | Vaults:5 | Identified the ring "Boib" {Fire rPois Str+2 Int-3 Dex+8}
 26756 | Vaults:5 | Noticed Xtahua
 26765 | Vaults:5 | Reached XP level 19. HP: 149/184 MP: 4/4
 26847 | Vaults:5 | Reached skill level 15 in Fighting
 26862 | Vaults:5 | Identified the ring "Pemagid" {+Fly rElec rPois rF+}
 26890 | Vaults:5 | HP: 7/186 [+5 glaive of protection (16)]
 26891 | Vaults:5 | Hit by a large rock thrown by a stone giant

Levels and vault maps discovered:
D:1:      wander_arrival_lonely_grave, layout_loops_ring
D:2:      layout_rooms, uniq_natasha
D:3:      layout_loops_ring, nicolae_ru_awakened_eye, portal_sewer_entry_d
D:4:      layout_rooms, fedhas_ov_isle_minmay
D:5:      layout_loops_cross, first_ration, minmay_manual_mess
D:6:      layout_loops_ring, kennysheep_minor_cross, kennysheep_generic_room_9,
          uniq_prince_ribbit1
D:7:      layout_layer_cave, gammafunk_temple_overflow_forgotten,
          vehumet_crystals, minmay_temple_entry_arrows, uniq_harold
D:8:      layout_loops_ring
D:9:      layout_basic, david_orc_2
D:10:     layout_loops_ring, blue_anna_alchemist [blue_anna_fruit_fields,
          blue_anna_fruit_fields], uniq_grum
D:11:     layout_irregular_city, minmay_lair_entry_grove, serial_shops,
          shop_coins
D:12:     layout_stronghold, fountainhead, yredelemnul_altar_generic
D:13:     layout_long_grid, david_vaults_1, special_room [special_room_bee],
          enter_trove_0
Temple:   eino_temple_scatter_basement
Lair:1:   layout_big_grid, minmay_lair_oklob_chamber, uniq_sonja
Lair:2:   layout_small_grid, minmay_shoals_entry_lonely_mermaid,
          spider_nest_entry_a, lemuel_old_faithful
Lair:3:   layout_chaotic_city
Lair:4:   layout_gridlike, kb_xom_exploding_sheep
Lair:5:   layout_gridlike, slime_altar_1, serial_bayou_shore_b
Lair:6:   hangedman_lair_in_review, layout_cave_pods, guppyfry_lair_end_dragon,
          serial_bayou_shore_b
Shoals:1: layout_shoals
Shoals:2: layout_shoals, serial_shops, shop
Shoals:3: layout_shoals
Shoals:4: shoals_end_grunt_ice, layout_shoals, uniq_polyphemus
Spider:1: layout_spider_delve, drop_trap
Spider:2: layout_spider_delve, nicolae_orb_stairs, uniq_donald
Spider:3: layout_spider_delve, uniq_asterion
Spider:4: spider_rune_water, nicolae_spider_webbed_stairs
Orc:1:    layout_diamond_mine
Orc:2:    kennysheep_orc_mage_school, layout_diamond_mine, serial_shops, shop,
          uniq_azrael
Vaults:1: nicolae_vaults_circle_grid_b, hangedman_vaults_maws, v_misc_2,
          hangedman_vaults_hat, nicolae_vaults_big_angled_halls, v_pattern_4,
          vaults_room_fours, vaults_room_mumra_shop_pool, v_misc_2,
          vaults_room_large_hall, vaults_dpeg_cross,
          ontoclasm_vaults_misaligned, layout_vaults_omnibox, serial_shops,
          shop_statue
Vaults:2: ontoclasm_vaults_decontamination, v_misc_18, v_misc_19,
          vaults_dpeg_ring, vaults_room_grid, v_misc_5, v_misc_13,
          dpeg_vaults_monster_box, v_pattern_5, nicolae_vaults_sealed_display,
          layout_vaults_omnigrid, serial_shops,
          nicolae_shop_temple_entry_statues_fountains
Vaults:3: ebering_vaults_ghost_gozag, ontoclasm_vaults_twist,
          ontoclasm_vaults_bender, minmay_crypt_entry_simple_statues, v_misc_28,
          v_misc_9, grunt_vaults_swirl, vaults_room_corners,
          nicolae_vaults_branching_niches, nicolae_vaults_little_squares_1,
          nicolae_vaults_ninety_degrees, vaults_room_door_hall,
          nicolae_vaults_little_ls, vaults_mumra_chevron,
          layout_vaults_maze_bifur, serial_shops, nicolae_shop_window_shopping
Vaults:4: hangedman_vaults_pinch, hangedman_vaults_impose,
          vaults_standard_mumra_enter_the_diamond, grunt_vaults_funnel,
          nicolae_vaults_ring_of_whatevers, ontoclasm_vaults_pinch, v_misc_9,
          v_misc_13, ontoclasm_vaults_gateway, vaults_mumra_hexcomb,
          vaults_dpeg_encased_lava, layout_vaults_big_room
Vaults:5: uniq_xtahua

Skill      XL: |  1  2  3  4  5  6  7  8  9 10 11 12 13 14 15 16 17 18 19 |
---------------+----------------------------------------------------------+-----
Axes           | 3 4 5 6 8 9 11 12 14 15 16 17 18 | 18.0
Fighting       | 3 4 5 6 7 8 9 10 11 12 13 14 15 | 15.0
Shields        | 4 5 6 7 8 9 10 11 12 13 14 15 | 15.0
Armour         | 4 5 6 7 8 9 10 11 12 13 14 15 17 | 17.5
Evocations     | 1 4 6 |  6.0
Invocations    | 2 5 7 9 10 12 13 15 16 | 16.0
Dodging        | 4 9 |  9.9

Action                   |  1- 3 |  4- 6 |  7- 9 | 10-12 | 13-15 | 16-18 | 19-21 || total
-------------------------+-------+-------+-------+-------+-------+-------+-------++-------
Melee: War axe           |    96 |   268 |   489 |   275 |   829 |       |       ||  1957
       Hand axe          |       |       |       |   914 |  1056 |       |       ||  1970
       Broad axe         |       |       |       |       |   128 |  1529 |   100 ||  1757
Invok: Lesser Servant of |       |       |       |       |     7 |       |       ||     7
 Abil: Heal Wounds       |     1 |     4 |    23 |    21 |    42 |    11 |       ||   102
       Evoke Berserk Rag |       |       |       |       |     7 |     1 |       ||     8
Evoke: Wand              |       |       |       |     3 |    29 |     5 |       ||    37
       Lamp of fire      |       |       |       |       |     2 |       |       ||     2
       Box of beasts     |       |       |       |       |     1 |       |       ||     1
       Phial of floods   |       |       |       |       |     1 |       |       ||     1
  Use: Scroll            |       |       |       |    15 |    15 |     6 |     1 ||    37
       Potion            |       |       |       |     2 |    11 |    17 |     2 ||    32
 Stab: Paralysed         |       |       |       |    10 |     8 |       |       ||    18
       Confused          |       |       |       |       |     3 |       |       ||     3
       Petrified         |       |       |       |       |       |    14 |       ||    14
       Petrifying        |       |       |       |       |       |     2 |       ||     2
  Eat: Chunk             |       |     6 |     8 |    26 |    24 |    21 |       ||    85
       Ration            |       |       |       |     1 |     4 |     1 |       ||     6
Armor: Scale mail        |    39 |   144 |   124 |       |       |       |       ||   307
       Plate armour      |       |       |    57 |   503 |   626 |       |       ||  1186
       Chain mail        |       |       |       |       |   490 |   728 |    40 ||  1258
Dodge: Dodged            |    33 |   103 |   115 |   194 |   534 |   513 |    53 ||  1545
Block: Shield            |    46 |   180 |   252 |   603 |  1295 |  1073 |    84 ||  3533
       Reflection        |       |       |       |       |       |    95 |       ||    95
